 Dungeon Crawl Stone Soup version 0.25-a0-94-g9e23508adf (webtiles) character file.

Game seed: 8760193037969909698, levelgen mode: deterministic

735 Gargoyl the Skirmisher (level 7, -13/91 HPs)
             Began as a Centaur Abyssal Knight on Nov 11, 2019.
             Was a Believer of Lugonu.
             Mangled by Pikel
             ... wielding a +1 whip of electrocution
              (17 damage)
             ... on level 3 of the Dungeon.
             The game lasted 00:04:49 (3728 turns).

Gargoyl the Skirmisher (Centaur Abyssal Knight)     Turns: 3728, Time: 00:04:49

Health: -13/91     AC: 23    Str: 15    XL:     7   Next: 45%
Magic:  9/9        EV:  1    Int: 16    God:    Lugonu [**....]
Gold:   171        SH:  0    Dex: 10    Spells: 6/6 levels left

rFire    . . .     SeeInvis .   j - +2 scythe (vamp)
rCold    . . .     Gourm    .   (shield currently unavailable)
rNeg     + + +     Faith    .   (armour currently unavailable)
rPois    +         Spirit   .   (helmet currently unavailable)
rElec    .         Reflect  .   (cloak currently unavailable)
rCorr    .         Harm     .   (gloves currently unavailable)
MR       .....     NoTele   +   (no barding)
Stlth    +.........             (no amulet)
HPRegen  0.25/turn              (no ring)
MPRegen  0.11/turn              (no ring)

@: brilliant, tree-form, lightly drained
A: large
a: Depart the Abyss, Bend Space, Renounce Religion


You were on level 3 of the Dungeon.
You worshipped Lugonu.
Lugonu was pleased with you.
You were not hungry.
You were a tree.
You visited 1 branch of the dungeon, and saw 4 of its levels.
You visited the Abyss 1 time.

You collected 171 gold pieces.

Inventory:

Hand Weapons
 a - a +2 hand axe
 j - a +2 vampiric scythe (weapon)
Armour
 b - a +0 leather armour (melded)
 e - a +1 helmet (melded)
 h - a +0 pair of gloves (melded)
 o - a +2 cloak (melded)
Wands
 d - a wand of disintegration (9)
 n - a wand of polymorph (3)
Scrolls
 f - 4 scrolls of identify
 g - a scroll of blinking
 k - a scroll of remove curse
 l - a scroll of enchant weapon
 m - a scroll of teleportation
 q - 3 scrolls of magic mapping {unknown}
Comestibles
 c - 4 rations


   Skills:
 + Level 5.3(4.9) Fighting
 + Level 3.5(3.4) Axes
 + Level 1.7(2.6) Polearms
 * Level 3.1(2.7) Armour
 * Level 2.1(1.8) Dodging
 * Level 3.7(3.4) Invocations


You had 6 spell levels left.
You didn't know any spells.
Your spell library was empty.

Dungeon Overview and Level Annotations

Branches:
Dungeon (4/15)
 Temple: D:4-7

Altars:
Uskayaw
Vehumet

Annotations:
D:3 Pikel


Innate Abilities, Weirdness & Mutations

((You have hooves in place of feet.))
((Armour fits poorly on your strangely shaped body.))
((You cover ground very quickly.))
((You have extremely tough skin. (AC +3)))


Message History

Pikel hits you but does no damage. x2
You barely miss Pikel.
Pikel is moderately wounded.
Pikel says, "Slavery isn't that bad."
Pikel hits you but does no damage.
You slash Pikel!
You feel better.
Pikel is heavily wounded.
Pikel hits you but does no damage. x2; You are electrocuted!
* * * LOW HITPOINT WARNING * * *
It was a potion of brilliance.
You feel clever all of a sudden. Pikel hits you but does no damage.
You are electrocuted!
* * * LOW HITPOINT WARNING * * *
You miss Pikel.
Pikel is heavily wounded.
Pikel hits you but does no damage. x2
You barely miss Pikel.
Pikel is heavily wounded.
Pikel hits you but does no damage. x2; You are electrocuted!
You die...

##.####.[.......# ###
#..............#
######........##########
##### #.#.....##>.......#
#)..# #.##...###.########
#...# #.###.## #p# #...#
#.# #?# #p# ##)## #)# #.#
#K# ♣.♣♣ #.# #.# #♣# ♣♣.♣
#######.# #.# #.# ♣.♣♣
........# #.# #.# ♣♣.♣
###########.####.########
♣♣.♣♣ #.#............#
♣♣...♣ ##.###########÷#
♣....♣ ### #.# #....#
#.#####..## #........#


You could see Pikel and 2 slaves.

Vanquished Creatures
  Grinder (D:3)
  Sigmund (D:2)
  A small abomination (Abyss:2)
  2 slaves (D:3)
  Crazy Yiuf (D:3)
  A bullfrog skeleton (D:4)
  Jessica (D:3)
  Natasha (D:3)
  A worker ant (D:1)
  Robin (D:2)
  3 adders
  An ooze (D:3)
  4 leopard geckos
  2 orcs (D:3)
  4 giant cockroaches
  13 goblins
  13 hobgoblins
  4 jackals (D:3)
  A quokka (D:3)
  7 bats
  4 frilled lizards
  6 kobolds
  8 rats
81 creatures vanquished.

Notes
Turn   | Place    | Note
-------+----------+-------------------------------------------
     0 | Abyss:1  | Gargoyl the Centaur Abyssal Knight began the quest for the
                  | Orb.
     0 | Abyss:1  | Reached XP level 1. HP: 19/19 MP: 2/2
    48 | Abyss:2  | Found a corrupted altar of Lugonu.
    97 | Abyss:2  | Noticed a small abomination
   100 | Abyss:2  | Killed a small abomination
   100 | Abyss:2  | Reached skill level 4 in Fighting
   100 | Abyss:2  | Reached XP level 2. HP: 28/28 MP: 3/3
   100 | Abyss:2  | Reached XP level 3. HP: 35/35 MP: 4/4
   100 | Abyss:2  | Reached XP level 4. HP: 41/41 MP: 5/5
   100 | Abyss:2  | Reached XP level 5. HP: 47/47 MP: 6/6
   100 | Abyss:2  | Noticed a wretched star
   101 | D:1      | Escaped the Abyss
   464 | D:1      | Reached * piety under Lugonu
   711 | D:2      | Reached skill level 1 in Dodging
   758 | D:2      | Found a radiant altar of Vehumet.
   829 | D:2      | Noticed Robin
   853 | D:2      | Killed Robin
  1504 | D:3      | Noticed Jessica
  1507 | D:3      | Killed Jessica
  1507 | D:3      | Reached skill level 5 in Fighting
  1617 | D:2      | Noticed Sigmund
  1761 | D:1      | Reached XP level 6. HP: 45/56 MP: 8/8
  1876 | D:2      | Killed Sigmund
  2301 | D:3      | Found a hide-covered altar of Uskayaw.
  2387 | D:3      | Reached ** piety under Lugonu
  2454 | D:3      | Noticed Grinder
  2461 | D:3      | HP: 1/56 [Grinder (6)]
  2466 | D:3      | Killed Grinder
  2466 | D:3      | Reached skill level 1 in Polearms
  2466 | D:3      | Reached XP level 7. HP: 6/61 MP: 9/9
  2861 | D:3      | Found a runed translucent door.
  2862 | D:3      | Noticed Crazy Yiuf
  2982 | D:3      | Noticed Natasha
  2990 | D:3      | Killed Natasha
  3257 | D:3      | Killed Crazy Yiuf
  3528 | D:4      | Noticed Pikel
  3726 | D:3      | HP: 3/91 [Pikel/+1 whip of electrocution (9)]
  3728 | D:3      | Mangled by Pikel

Levels and vault maps discovered:
D:1:      erik_arrival_blinker_ship, layout_basic, grunt_decor_mini_mirrors,
          minmay_heptomino_h4
D:2:      layout_loops_cross, lemuel_doored_altar, minmay_liquid_box,
          uniq_robin, uniq_sigmund
D:3:      layout_loops_ring, overflow_temple_1_default, uniq_natasha,
          uniq_jessica, uniq_crazy_yiuf_cottage, uniq_grinder
D:4:      layout_basic, chequers_temple_overflow_minitemple, first_ration,
          grunt_ministairs_2, uniq_pikel, uniq_eustachio

Skill      XL: |  1  2  3  4  5  6 |
---------------+-------------------+-----
Fighting       | 4 5 |  5.3
Axes           | 2 3 |  3.5
Armour         | 2 3 |  3.1
Dodging        | 1 2 |  2.1
Invocations    | 3 |  3.7
Polearms       | 1 |  1.7

Action                   |  1- 3 |  4- 6 |  7- 9 || total
-------------------------+-------+-------+-------++-------
Melee: Hand axe          |       |   105 |       ||   105
       Kick              |       |    28 |    10 ||    38
       Scythe            |       |    28 |    63 ||    91
Invok: Depart the Abyss  |       |     1 |       ||     1
       Bend Space        |       |       |     2 ||     2
Evoke: Wand              |     2 |     1 |       ||     3
  Use: Scroll            |       |    10 |       ||    10
       Potion            |       |     3 |     2 ||     5
 Stab: Invisible         |       |     2 |       ||     2
  Eat: Chunk             |       |     3 |     4 ||     7
Armor: Leather armour    |       |    58 |    45 ||   103
       Skin              |       |     4 |    13 ||    17
Dodge: Dodged            |       |    76 |    45 ||   121

Table legend:
 A = Non-vault XP
 B = Vault XP
 C = Vault XP percentage of total XP
 D = Non-vault monster count
 E = Vault monster count
 F = Vault count percentage of total count
                 A         B        C        D         E       F
            +---------+---------+-------+---------+---------+-------
      Total |     412 |     639 |  60.8 |      62 |      17 |  21.5
            +---------+---------+-------+---------+---------+-------
        D:1 |      55 |       0 |   0.0 |      15 |       0 |   0.0
        D:2 |      46 |     242 |  84.0 |      14 |      12 |  46.2
        D:3 |      69 |     395 |  85.1 |      29 |       4 |  12.1
        D:4 |      44 |       2 |   4.3 |       3 |       1 |  25.0
    Abyss:2 |     198 |       0 |   0.0 |       1 |       0 |   0.0
            +---------+---------+-------+---------+---------+-------
